 Dungeon Crawl Stone Soup version 0.27.1-4-g1640c2035a (webtiles) character file.

Game seed: 15724071544632081330

348 unlimited1921 the Vexing (level 6, -2/47 HPs)
             Began as a Gnoll Arcane Marksman on Nov 8, 2021.
             Killed by divine providence
             ... invoked by an orc priest
              (12 damage)
             ... on level 3 of the Dungeon.
             The game lasted 00:24:23 (4254 turns).

unlimited1921 the Vexing (Gnoll Arcane Marksman)    Turns: 4254, Time: 00:24:24

Health: -2/47      AC:  3    Str:  9    XL:     6   Next: 60%
Magic:  11/11      EV: 13    Int: 15    God:
Gold:   164        SH:  0    Dex: 12    Spells: 10/11 levels left

rFire    . . .     SeeInvis .   o - +0 falchion
rCold    . . .     Faith    .   (no shield)
rNeg     . . .     Spirit   .   d - +0 robe
rPois    .         Reflect  .   (no helmet)
rElec    .         Harm     .   (no cloak)
rCorr    .         Rampage  .   (no gloves)
Will     .....                  h - +0 pair of boots
Stlth    ++........             (no amulet)
HPRegen  0.15/turn              (no ring)
MPRegen  0.12/turn              (no ring)

@: no status effects
A: fangs 1, strong nose, distributed training
a: no special abilities


You were on level 3 of the Dungeon.
You visited 1 branch of the dungeon, and saw 3 of its levels.

You collected 164 gold pieces.

Inventory:

Hand Weapons
 a - a +0 hand crossbow
 o - a +0 falchion (weapon)
 s - a +0 mace
 t - a +0 trident
 w - a +0 short sword
Missiles
 c - 36 bolts
 j - 17 stones
 p - 42 arrows
 q - a poisoned dart (quivered)
Armour
 d - a +0 robe (worn)
 h - a +0 pair of boots (worn)
 i - a +0 leather armour
 r - a +0 chain mail
Magical Staves
 l - a staff of conjuration
Scrolls
 g - a scroll of teleportation {unknown}
 k - a scroll of brand weapon {unknown}
 v - a scroll of torment {unknown}
Potions
 b - a potion of brilliance {unknown}
 e - a potion of curing {unknown}
 f - a potion of degeneration {unknown}
 m - 2 potions of lignification {unknown}
 n - a potion of berserk rage {unknown}
 u - 2 potions of heal wounds {unknown}


   Skills:
 + Level 3.3 Fighting
 + Level 2.0 Short Blades
 + Level 2.0 Long Blades
 + Level 2.0 Axes
 + Level 2.0 Maces & Flails
 + Level 2.0 Polearms
 + Level 2.0 Staves
 + Level 2.0 Slings
 + Level 2.0 Bows
 + Level 5.0 Crossbows
 + Level 2.0 Throwing
 + Level 2.0 Armour
 + Level 5.0 Dodging
 + Level 2.0 Stealth
 + Level 2.0 Shields
 + Level 2.0 Unarmed Combat
 + Level 3.4 Spellcasting
 + Level 1.6 Conjurations
 + Level 5.7 Hexes
 + Level 1.6 Summonings
 + Level 1.6 Necromancy
 + Level 1.6 Translocations
 + Level 1.6 Transmutations
 + Level 1.6 Fire Magic
 + Level 1.6 Ice Magic
 + Level 1.6 Air Magic
 + Level 1.6 Earth Magic
 + Level 1.6 Poison Magic
 + Level 2.2 Invocations
 + Level 2.0 Evocations


You had 10 spell levels left.
You knew the following spells:

 Your Spells              Type           Power      Damage    Failure   Level
a - Corona                Hex            21%        N/A       1%          1

Your spell library contained the following spells:

 Spells                   Type           Power      Damage    Failure   Level
 Slow                     Hex            19%        N/A       2%          2
 Inner Flame              Hex/Fire       13%        N/A       13%         3
 Portal Projectile        Hex/Tloc       26%        N/A       13%         3
 Cause Fear               Hex            9%         N/A       19%         4
 Ozocubu's Armour         Ice            7%         N/A       30%         3
 Metabolic Englaciation   Hex/Ice        6%         N/A       75%         5
 Simulacrum               Ice/Necr       3%         N/A       100%        6


Dungeon Overview and Level Annotations

Branches:
Dungeon (3/15)

Altars:
Ashenzari
Cheibriados
Uskayaw
Vehumet


Innate Abilities, Weirdness & Mutations

You have very sharp teeth.
Your uncanny sense of smell can sniff out nearby items.
Your experience applies equally to all skills.


Message History

You hit the orc but do no damage. You bite the orc, but do no damage.
The orc hits you with a +0 hand axe. Something hits you.
The orc priest calls down the wrath of Beogh upon you.
Something writhes in agony!
Reactivating autopickup.
You feel a bit more experienced.
You hit the orc but do no damage.
The orc is heavily wounded.
The orc closely misses you. The orc hits you with a +0 hand axe.
The orc hits you with a +0 dagger.
You are too injured to fight recklessly!
The orc hits you with a +0 hand axe.
The orc priest calls upon Beogh to heal the orc.
The orc's wounds heal themselves!
Things that are here:
a poisoned dart; a +0 dagger; a +0 scale mail You see here a poisoned dart.
The orc priest invokes the aid of Beogh against you.
Pain shoots through your body!
* * * LOW HITPOINT WARNING * * *
The orc misses you.
Throw: 3 darts (poison)
Press: ? - help, Q - select action, (/) - cycle Shift-Dir - straight line, f - orc
Aim: an orc, wielding a +0 dagger and wearing a +0 scale mail (63% to hit)
You throw a poisoned dart. The poisoned dart hits the orc.
The orc is poisoned.
The orc hits you but does no damage.
The orc looks more healthy.
Items here: )) [ ††.
Throw: 2 darts (poison)
Press: ? - help, Q - select action, (/) - cycle Shift-Dir - straight line, f/p - orc
Aim: an orc, wielding a +0 dagger and wearing a +0 scale mail (heavily wounded, 63% to hit)
You throw a poisoned dart.
The poisoned dart closely misses the orc.
The poisoned dart closely misses the orc.
The poisoned dart hits the orc priest.
The orc priest is poisoned.
The orc priest is severely wounded.
The orc priest calls down the wrath of Beogh upon you.
Beogh smites you!
You die...

.#####.....#.......(...##........
'#.#.#'....##).........##.#......
#..#..##..÷.)..........##......<.
.._#_..#...##.<..................
########...##............########
.._#_..#....#..(..((..(..#######
#..#..##.....#.####(###........#
'#.#.#(......(.###.............##
.#####..........@)oo..o..........
).....................#...#.#...#
.................)(......##...###
.>..........#......(..#.###..##
#...........#.......(........#
####..........#.#####(.).....#
#<...>....##.# #.(......
.............# ..(.....
............... .......


You could see an orc priest (poisoned) and 2 orcs.

Vanquished Creatures
  Sigmund (D:2)
  Natasha (thrice) (D:2)
  4 adders (D:2)
  3 worms (D:2)
  8 orcs
  7 endoplasms
  2 giant cockroaches
  3 goblins
  3 kobolds
  A quokka (D:2)
  7 ball pythons
  5 bats
  4 rats (D:2)
51 creatures vanquished.

Vanquished Creatures (others)
  An orc wizard (D:3)
1 creature vanquished.

Grand Total: 52 creatures vanquished

Notes
Turn   | Place    | Note
-------+----------+-------------------------------------------
     0 | D:1      | unlimited1921 the Gnoll Arcane Marksman began the quest for
                  | the Orb.
     0 | D:1      | Reached XP level 1. HP: 17/17 MP: 4/4
   533 | D:1      | Reached XP level 2. HP: 23/23 MP: 3/5
  1002 | D:2      | Noticed Sigmund
  1264 | D:2      | Reached XP level 3. HP: 28/28 MP: 2/7
  1572 | D:2      | Reached skill level 1 in Invocations
  1675 | D:2      | Killed Sigmund
  1676 | D:2      | Reached skill level 1 in Short Blades
  1676 | D:2      | Reached skill level 1 in Long Blades
  1676 | D:2      | Reached skill level 1 in Axes
  1676 | D:2      | Reached skill level 1 in Maces & Flails
  1676 | D:2      | Reached skill level 1 in Polearms
  1676 | D:2      | Reached skill level 1 in Staves
  1676 | D:2      | Reached skill level 1 in Slings
  1676 | D:2      | Reached skill level 1 in Bows
  1676 | D:2      | Reached skill level 1 in Throwing
  1676 | D:2      | Reached skill level 1 in Armour
  1676 | D:2      | Reached skill level 1 in Stealth
  1676 | D:2      | Reached skill level 1 in Shields
  1676 | D:2      | Reached skill level 1 in Unarmed Combat
  1676 | D:2      | Reached skill level 1 in Conjurations
  1676 | D:2      | Reached skill level 1 in Summonings
  1676 | D:2      | Reached skill level 1 in Necromancy
  1676 | D:2      | Reached skill level 1 in Translocations
  1676 | D:2      | Reached skill level 1 in Transmutations
  1676 | D:2      | Reached skill level 1 in Fire Magic
  1676 | D:2      | Reached skill level 1 in Ice Magic
  1676 | D:2      | Reached skill level 1 in Air Magic
  1676 | D:2      | Reached skill level 1 in Earth Magic
  1676 | D:2      | Reached skill level 1 in Poison Magic
  1676 | D:2      | Reached skill level 1 in Evocations
  1676 | D:2      | Reached XP level 4. HP: 9/35 MP: 6/8
  1676 | D:2      | Reached XP level 5. HP: 11/41 MP: 6/9
  2246 | D:2      | Noticed Natasha
  2262 | D:2      | Killed Natasha
  2263 | D:2      | Reached XP level 6. HP: 14/47 MP: 7/11
  2501 | D:2      | Noticed Natasha
  2758 | D:2      | Killed Natasha
  2897 | D:2      | Noticed Natasha
  2913 | D:2      | Killed Natasha
  2914 | D:2      | Reached skill level 5 in Crossbows
  2914 | D:2      | Reached skill level 5 in Dodging
  4014 | D:3      | Found a hide-covered altar of Uskayaw.
  4034 | D:3      | Found a broken altar of Ashenzari.
  4045 | D:3      | Found a snail-covered altar of Cheibriados.
  4057 | D:3      | Found a radiant altar of Vehumet.
  4254 | D:3      | Killed from afar by an orc priest

Illustrated notes

Levels and vault maps discovered:
D:1:      enne_arrival_octagon_isle, layout_loops_corners, lemuel_old_faithful
D:2:      layout_basic, uniq_sigmund, uniq_natasha
D:3:      layout_rooms, nicolae_overflow_quartered_altars

Skill      XL: |  1  2  3  4  5  6 |
---------------+-------------------+-----
Invocations    | 1 2 |  2.2
Fighting       | 3 |  3.3
Short Blades   | 1 2 |  2.0
Long Blades    | 1 2 |  2.0
Axes           | 1 2 |  2.0
Maces & Flails | 1 2 |  2.0
Polearms       | 1 2 |  2.0
Staves         | 1 2 |  2.0
Slings         | 1 2 |  2.0
Bows           | 1 2 |  2.0
Throwing       | 1 2 |  2.0
Armour         | 1 2 |  2.0
Stealth        | 1 2 |  2.0
Shields        | 1 2 |  2.0
Unarmed Combat | 1 2 |  2.0
Spellcasting   | 3 |  3.4
Conjurations   | 1 |  1.6
Summonings     | 1 |  1.6
Necromancy     | 1 |  1.6
Translocations | 1 |  1.6
Transmutations | 1 |  1.6
Fire Magic     | 1 |  1.6
Ice Magic      | 1 |  1.6
Air Magic      | 1 |  1.6
Earth Magic    | 1 |  1.6
Poison Magic   | 1 |  1.6
Evocations     | 1 2 |  2.0
Crossbows      | 5 |  5.0
Dodging        | 5 |  5.0
Hexes          | |  5.7

Action                   |  1- 3 |  4- 6 || total
-------------------------+-------+-------++-------
Melee: Falchion          |       |    46 ||    46
       Bite              |       |     3 ||     3
       Punch             |       |     1 ||     1
 Fire: Hand crossbow     |    63 |     3 ||    66
Throw: Dart              |     3 |    83 ||    86
 Cast: Corona            |    33 |    24 ||    57
Armor: Robe              |     9 |    21 ||    30
Dodge: Dodged            |    18 |    66 ||    84
       Rpst.: Falchion   |       |    15 ||    15
